 Dungeon Crawl Stone Soup version 0.26.1-11-gd32895ea62 (webtiles) character file.

Game seed: 1292028724116504378

60 promet the Insei (level 4, -5/34 HPs)
             Began as a Gnoll Transmuter on July 11, 2021.
             Slain by Terence
             ... wielding a +2 flail of protection
              (10 damage)
             ... on level 2 of the Dungeon.
             The game lasted 00:10:28 (2178 turns).

promet the Insei (Gnoll Transmuter)                 Turns: 2178, Time: 00:10:29

Health: -5/34      AC:  4    Str: 10    XL:     4   Next: 6%
Magic:  11/11      EV: 15    Int: 15    God:
Gold:   127        SH:  0    Dex: 17    Spells: 10/13 levels left

rFire    . . .     SeeInvis .   a - +0 spear
rCold    . . .     Faith    .   (no shield)
rNeg     + . .     Spirit   .   c - +1 robe
rPois    +         Reflect  .   (helmet currently unavailable)
rElec    .         Harm     .   b - +0 cloak
rCorr    .         Rampage  .   (no gloves)
Will     .....                  (boots currently unavailable)
Stlth    ++........             m - amulet of the acrobat
HPRegen  0.11/turn              j - ring of positive energy
MPRegen  0.12/turn              (no ring)

@: appendages
A: distributed training, fangs 1, horns 2, talons 2, mutation resistance 1,
poison resistance, weak 1, strong nose
a: End Transformation


You were on level 2 of the Dungeon.
You had grown temporary horns.
You had grown temporary talons.
You visited 1 branch of the dungeon, and saw 2 of its levels.

You collected 127 gold pieces.

Inventory:

Hand Weapons
 a - a +0 spear (weapon)
Missiles
 d - 39 bolts
 e - 17 stones
 g - 3 silver boomerangs
 i - 54 arrows
 k - 7 boomerangs (quivered)
Armour
 b - a +0 cloak (worn)
 c - a +1 robe (worn)
Jewellery
 j - a ring of positive energy (left hand)
 m - an amulet of the acrobat (around neck)
Scrolls
 f - 2 scrolls of identify
 h - a scroll of remove curse
 l - a scroll of teleportation {unknown}
Potions
 n - a potion of heal wounds {unknown}


   Skills:
 + Level 2.7 Fighting
 + Level 1.0 Short Blades
 + Level 1.0 Long Blades
 + Level 1.0 Axes
 + Level 1.0 Maces & Flails
 + Level 1.0 Polearms
 + Level 1.0 Staves
 + Level 1.0 Slings
 + Level 1.0 Bows
 + Level 1.0 Crossbows
 + Level 1.0 Throwing
 + Level 1.0 Armour
 + Level 4.6 Dodging
 + Level 1.0 Stealth
 + Level 1.0 Shields
 + Level 6.5 Unarmed Combat
 + Level 5.0 Spellcasting
 + Level 0.7 Conjurations
 + Level 0.7 Hexes
 + Level 0.7 Summonings
 + Level 0.7 Necromancy
 + Level 0.7 Translocations
 + Level 3.8 Transmutations
 + Level 0.7 Fire Magic
 + Level 0.7 Ice Magic
 + Level 0.7 Air Magic
 + Level 0.7 Earth Magic
 + Level 0.7 Poison Magic
 + Level 1.1 Invocations
 + Level 1.0 Evocations


You had 10 spell levels left.
You knew the following spells:

 Your Spells              Type           Power        Failure   Level
a - Beastly Appendage     Tmut           30%          3%          1
b - Wereblood             Tmut           15%          4%          2

Your spell library contained the following spells:

 Spells                   Type           Power        Failure   Level
 Spider Form              Tmut/Pois      5%           19%         3
 Ice Form                 Ice/Tmut       10%          54%         4
 Blade Hands              Tmut           7%           67%         5


Dungeon Overview and Level Annotations

Branches:
Dungeon (2/15)

Altars:
Nemelex Xobeh
Ru

Annotations:
D:2 Terence


Innate Abilities, Weirdness & Mutations

Your experience applies equally to all skills.
You have very sharp teeth.
Your uncanny sense of smell can sniff out nearby items.
You have a pair of horns on your head.
You have razor-sharp toenails.
You are somewhat resistant to further mutation.
Your system is resistant to poisons. (rPois)
You are weak. (Str -2)


Message History

Terence hits you with a +2 flail of protection.
You hit Terence but do no damage. Your headbutt misses Terence.
Terence is almost dead.
Terence barely misses you.
You completely miss Terence.
Terence is almost dead.
Terence hits you with a +2 flail of protection!
* * * LOW HITPOINT WARNING * * *
You hit Terence but do no damage. Your kick misses Terence.
Terence is almost dead.
Terence misses you.
You hit Terence but do no damage. You claw Terence, but do no damage.
You headbutt Terence, but do no damage.
Terence is almost dead.
Terence hits you with a +2 flail of protection.
* * * LOW HITPOINT WARNING * * *
You barely miss Terence.
Terence is almost dead.
Terence hits you with a +2 flail of protection!
You die...

####.#....##......##.......#<# #.
#.'..).##......##.......#.# #.
######....##......#####......# #.
.....#....###'###################
####.#.†..# #.# ##..............#
#.#.>..###.###..............†'
####'##.....#.##................#
........###.#.#....##############
........#...#.#.@.## #
........#.....#.†@.########## #
#######.#..#####........@.... #
.....##.#..#..†##............ +
#.#.....#..#....##........... #
....#####..#####.############
.#..# #........#.....# #.#.#
##.####....###.# ##..#
#.#####.#.###†#


You could see Terence.

Vanquished Creatures
  2 adders (D:2)
  A dart slug (D:1)
  2 leopard geckos (D:1)
  3 bats
  4 goblins
  5 hobgoblins (D:1)
  4 jackals (D:1)
  A quokka (D:2)
  2 ball pythons
  4 frilled lizards
  4 kobolds (D:2)
  8 rats
40 creatures vanquished.

Notes
Turn   | Place    | Note
-------+----------+-------------------------------------------
     0 | D:1      | promet the Gnoll Transmuter began the quest for the Orb.
     0 | D:1      | Reached XP level 1. HP: 17/17 MP: 6/6
   171 | D:1      | Reached XP level 2. HP: 12/23 MP: 5/7
   703 | D:1      | Learned a level 2 spell: Wereblood
   794 | D:1      | Reached XP level 3. HP: 27/28 MP: 7/9
   920 | D:1      | Reached skill level 5 in Spellcasting
   972 | D:1      | You fall into a shaft and drop 1 floor!
  1096 | D:2      | Gained mutation: You are weak. (Str -2) [potion of
                  | mutation]
  1096 | D:2      | Gained mutation: You are somewhat resistant to further
                  | mutation. [potion of mutation]
  1096 | D:2      | Gained mutation: Your system is resistant to poisons.
                  | (rPois) [potion of mutation]
  1117 | D:2      | Found a sacrificial altar of Ru.
  1117 | D:2      | Found a sparkling altar of Nemelex Xobeh.
  1622 | D:2      | Reached skill level 1 in Invocations
  1896 | D:2      | Reached skill level 1 in Short Blades
  1896 | D:2      | Reached skill level 1 in Long Blades
  1896 | D:2      | Reached skill level 1 in Axes
  1896 | D:2      | Reached skill level 1 in Maces & Flails
  1896 | D:2      | Reached skill level 1 in Polearms
  1896 | D:2      | Reached skill level 1 in Staves
  1896 | D:2      | Reached skill level 1 in Slings
  1896 | D:2      | Reached skill level 1 in Bows
  1896 | D:2      | Reached skill level 1 in Crossbows
  1896 | D:2      | Reached skill level 1 in Throwing
  1896 | D:2      | Reached skill level 1 in Armour
  1896 | D:2      | Reached skill level 1 in Stealth
  1896 | D:2      | Reached skill level 1 in Shields
  1896 | D:2      | Reached skill level 1 in Evocations
  1899 | D:2      | Reached XP level 4. HP: 29/34 MP: 11/11
  2087 | D:2      | Noticed Terence
  2178 | D:2      | Slain by Terence

Illustrated notes

Levels and vault maps discovered:
D:1:      dpeg_arrival_rhombus, layout_loops_ring
D:2:      layout_basic, gammafunk_temple_overflow_statue, nrook_uturn,
          minmay_misc_feat_square, uniq_terence

Skill      XL: |  1  2  3 |
---------------+----------+-----
Spellcasting   | 5 |  5.0
Invocations    | 1 |  1.1
Short Blades   | 1 |  1.0
Long Blades    | 1 |  1.0
Axes           | 1 |  1.0
Maces & Flails | 1 |  1.0
Polearms       | 1 |  1.0
Staves         | 1 |  1.0
Slings         | 1 |  1.0
Bows           | 1 |  1.0
Crossbows      | 1 |  1.0
Throwing       | 1 |  1.0
Armour         | 1 |  1.0
Stealth        | 1 |  1.0
Shields        | 1 |  1.0
Evocations     | 1 |  1.0
Fighting       | |  2.7
Dodging        | |  4.6
Unarmed Combat | |  6.5
Conjurations   | |  0.7
Hexes          | |  0.7
Summonings     | |  0.7
Necromancy     | |  0.7
Translocations | |  0.7
Transmutations | |  3.8
Fire Magic     | |  0.7
Ice Magic      | |  0.7
Air Magic      | |  0.7
Earth Magic    | |  0.7
Poison Magic   | |  0.7

Action                   |  1- 3 |  4- 6 || total
-------------------------+-------+-------++-------
Melee: Unarmed           |    16 |       ||    16
       Kick              |     8 |     4 ||    12
       Headbutt          |     6 |     4 ||    10
       Bite              |     4 |     3 ||     7
       Spear             |    88 |    18 ||   106
       Punch             |     1 |     1 ||     2
Throw: Boomerang         |       |     3 ||     3
 Cast: Beastly Appendage |    18 |     2 ||    20
  Use: Scroll            |     5 |       ||     5
       Potion            |     2 |       ||     2
 Stab: Sleeping          |     5 |     1 ||     6
Armor: Robe              |    21 |     1 ||    22
Dodge: Dodged            |    71 |     6 ||    77
